 Dungeon Sprint DCSS version 0.30-a0-920-g7493c07aab (webtiles) character file.

Game seed: 5860137377256417474

9982 testman the Brawler (level 11, -1/133 HPs)
             Began as a Troll Berserker on Mar 21, 2023.
             Was the Champion of Trog.
             Killed from afar by a catoblepas (9 damage)
             ... with a blast of calcifying dust
             ... in the Dungeon (Sprint IX: "|||||||||||||||||||||||||||||").
             The game lasted 00:07:19 (622 turns).

testman the Brawler (Troll Berserker)                Turns: 622, Time: 00:07:19

Health: -1/133     AC:  5    Str: 34    XL:     11   Next: 30%
Magic:  10/10      EV: 11    Int:  6    God:    Trog [******]
Gold:   14         SH:  0    Dex:  9    Spells: 10/10 levels left

rFire   . . .      SeeInvis .      - Unarmed
rCold   . . .      Faith    .    (no shield)
rNeg    . . .      Spirit   .    a - +0 animal skin
rPois   .          Reflect  .    (helmet restricted)
rElec   .          Rampage  .    j - +0 cloak
rCorr   .          NoTele   +    (gloves unavailable)
Will    .....                    (boots unavailable)
Stlth   +                        (no amulet)
HPRegen 1.22/turn                k - +3 ring of intelligence
MPRegen 0.12/turn                l - +3 ring of strength

@: on berserk cooldown, slowed, very slow
A: large, unfitting armour, claws 3, regeneration 1, shaggy fur 1, tough skin 1
a: Renounce Religion, Berserk, Trog's Hand, Brothers in Arms


You were in the Dungeon.
You worshipped Trog.
Trog was exalted by your worship.
You visited 1 branch You collected 14 gold pieces.

Inventory:

Hand Weapons
 p - the +6 giant club of the Land of Plenty {heavy, +Blink rPois rC+ Int-4}
   (Trog gifted it to you in the Dungeon)

   Int:       It affects your intelligence (-4).
   rC:        It protects you from cold.
   rPois:     It protects you from poison.
   +Blink:    It lets you blink.
Missiles
 m - 5 large rocks (quivered)
Armour
 a - a +0 animal skin (worn)
 j - a +0 cloak (worn)
Jewellery
 k - a +3 ring of intelligence (left claw)
 l - a +3 ring of strength (right claw)
Wands
 i - a wand of quicksilver (10)
Scrolls
 g - 3 scrolls of blinking
 n - 2 scrolls of fear
 o - 2 scrolls of enchant weapon
Potions
 b - 5 potions of curing
 c - 8 potions of heal wounds
 d - 3 potions of haste
 e - 4 potions of magic
 f - a potion of berserk rage
 h - a potion of invisibility


   Skills:
 + Level 15.4 Fighting
 + Level 7.7 Throwing
 + Level 7.6 Dodging
 + Level 18.1 Unarmed Combat


You had 10 spell levels left.
You didn't know any spells.
Your spell library was empty.

Dungeon Overview and Level Annotations

Branches:
Dungeon (1/1)

Altars:
Cheibriados
Dithmenos
Elyvilon
Fedhas
Gozag
Hepliaklqana
Kikubaaqudgha
Makhleb
Nemelex Xobeh
Okawaru
Qazlal
Ru
Sif Muna
Trog
Uskayaw
Vehumet
Wu Jian
Xom
Yredelemnul
Zin
The Shining One
Jiyva
Lugonu


Innate Abilities, Weirdness & Mutations

You are too large for most types of armour.
You have claws for hands.
Your natural rate of healing is unusually fast.
You are covered in fur. (AC +1)
You have tough skin. (AC +1)


Message History

The catoblepas is moderately wounded.
You are engulfed in calcifying dust.
You are slowing down.
The catoblepas barely misses you.
You eviscerate the catoblepas!!!
The catoblepas is almost dead.
You are engulfed in calcifying dust.
The catoblepas completely misses you.
Your limbs are stiffening.
You barely miss the catoblepas.
The catoblepas is almost dead.
You are engulfed in calcifying dust.
The catoblepas gores you!!
The catoblepas breathes a plume of calcifying dust at you.
The blast of calcifying dust hits you!
You have turned to stone.
You are engulfed in calcifying dust.
The catoblepas breathes a plume of calcifying dust at you.
The blast of calcifying dust hits you!
You feel the effects of Trog's Hand fading.
The catoblepas gores you!! The catoblepas gores you!!
* * * LOW HITPOINT WARNING * * *
The catoblepas gores you!
* * * LOW HITPOINT WARNING * * *
The catoblepas gores you!!
* * * LOW HITPOINT WARNING * * *
The catoblepas gores you!!
* * * LOW HITPOINT WARNING * * *
The catoblepas gores you.
* * * LOW HITPOINT WARNING * * *
Your skin stops crawling.
You feel less strong-willed. The catoblepas gores you.
* * * LOW HITPOINT WARNING * * *
You turn to flesh and can move again.
Okay, then.
Unknown command.
Blink to where?
Press: ? - help, Dir - move target
As you read the scroll of blinking, it crumbles to dust.
The catoblepas breathes a plume of calcifying dust at you.
The blast of calcifying dust hits you!
You die...

▓▓▓▓▓▓▓▓▓▓▓▓▓▓▓▓▓▓▓▓▓▓▓▓▓▓▓▓▓▓▓▓▓
..[[..)?.'_______________________
▓▓▓▓▓▓▓▓▓▓▓▓▓▓▓▓▓▓▓▓▓▓▓▓▓▓▓▓▓▓▓▓▓
.................................
▓▓▓▓▓▓▓▓▓▓▓▓▓▓▓▓▓▓▓▓▓▓▓▓▓▓▓▓▓▓▓▓▓
...YYY.†Y....§§@).'......††††...
▓▓▓▓▓▓▓▓▓▓▓▓▓▓▓▓▓▓▓▓▓▓▓▓▓▓▓▓▓▓▓▓


There were no monsters in sight!

Vanquished Creatures
  A catoblepas (D)
  A hydra (D)
  3 two-headed ogres (D)
  5 death yaks (D)
  A cyclops (D)
  2 cane toads (D)
  A komodo dragon (D)
  A polar bear (D)
  A troll (D)
  A blink frog (D)
  A shadow (D)
  A wraith (D)
  2 yaks (D)
  2 wyverns (D)
  A basilisk (D)
  3 water moccasins (D)
  2 wolves (D)
  An ogre (D)
  A centaur (D)
  A killer bee (D)
  A howler monkey (D)
  2 hounds (D)
  An orc wizard (D)
  An adder (D)
  A kobold (D)
  A quokka (D)
  A ball python (D)
  A bat (D)
  A rat (D)
42 creatures vanquished.

Vanquished Creatures (collateral kills)
  A deep elf pyromancer (D)
  A vampire mosquito (D)
2 creatures vanquished.

Grand Total: 44 creatures vanquished

Notes
Turn   | Place    | Note
-------+----------+-------------------------------------------
     0 | D        | testman the Troll Berserker began the quest for the Orb.
     0 | D        | Reached XP level 1. HP: 22/22 MP: 0/0
     9 | D        | Reached ** piety under Trog
    54 | D        | Noticed a hound
    54 | D        | Noticed a hound
    54 | D        | Noticed an ogre
    54 | D        | Noticed a centaur
    60 | D        | Killed a centaur
    61 | D        | Reached skill level 5 in Fighting
    61 | D        | Reached skill level 6 in Unarmed Combat
    61 | D        | Reached XP level 2. HP: 9/35 MP: 1/1
    61 | D        | Reached XP level 3. HP: 12/42 MP: 2/2
    61 | D        | Reached XP level 4. HP: 14/50 MP: 3/3
    64 | D        | Killed an ogre
    65 | D        | Reached skill level 8 in Unarmed Combat
    65 | D        | Reached XP level 5. HP: 23/61 MP: 4/4
    66 | D        | Reached *** piety under Trog
    70 | D        | Reached skill level 9 in Unarmed Combat
   108 | D        | Found a snail-covered altar of Cheibriados.
   108 | D        | Found a shadowy altar of Dithmenos.
   108 | D        | Found a white marble altar of Elyvilon.
   108 | D        | Found a blossoming altar of Fedhas.
   108 | D        | Found an opulent altar of Gozag.
   109 | D        | Found a hazy altar of Hepliaklqana.
   110 | D        | Found a viscous altar of Jiyva.
   111 | D        | Found an ancient bone altar of Kikubaaqudgha.
   112 | D        | Found a corrupted altar of Lugonu.
   113 | D        | Found a burning altar of Makhleb.
   114 | D        | Found a sparkling altar of Nemelex Xobeh.
   115 | D        | Found an iron altar of Okawaru.
   116 | D        | Found a stormy altar of Qazlal.
   117 | D        | Found a sacrificial altar of Ru.
   118 | D        | Found a shimmering blue altar of Sif Muna.
   119 | D        | Found a bloodstained altar of Trog.
   120 | D        | Found a hide-covered altar of Uskayaw.
   121 | D        | Found a radiant altar of Vehumet.
   122 | D        | Found an ornate altar of the Wu Jian Council.
   123 | D        | Found a shimmering altar of Xom.
   124 | D        | Found a basalt altar of Yredelemnul.
   125 | D        | Found a glowing silver altar of Zin.
   126 | D        | Found a glowing golden altar of the Shining One.
   157 | D        | Noticed a two-headed ogre
   157 | D        | Noticed a shadow
   157 | D        | Noticed a troll
   161 | D        | Reached XP level 6. HP: 72/72 MP: 5/5
   162 | D        | Reached **** piety under Trog
   164 | D        | Reached skill level 10 in Unarmed Combat
   169 | D        | Killed a troll
   170 | D        | Reached skill level 11 in Unarmed Combat
   170 | D        | Reached XP level 7. HP: 83/83 MP: 6/6
   171 | D        | Killed a shadow
   172 | D        | Reached skill level 10 in Fighting
   180 | D        | Killed a two-headed ogre
   180 | D        | Reached ***** piety under Trog
   181 | D        | Reached skill level 13 in Unarmed Combat
   181 | D        | Reached XP level 8. HP: 58/97 MP: 7/7
   229 | D        | Noticed a deep elf pyromancer
   229 | D        | Noticed a two-headed ogre
   229 | D        | Noticed a two-headed ogre
   229 | D        | Noticed a cyclops
   235 | D        | Killed a cyclops
   236 | D        | Reached skill level 14 in Unarmed Combat
   240 | D        | Killed a two-headed ogre
   241 | D        | Reached XP level 9. HP: 45/109 MP: 8/8
   244 | D        | Killed a two-headed ogre
   245 | D        | Reached skill level 15 in Unarmed Combat
   253 | D        | Killed a deep elf pyromancer
   254 | D        | Reached skill level 16 in Unarmed Combat
   425 | D        | Noticed a cane toad
   425 | D        | Noticed a death yak
   425 | D        | Noticed a cane toad
   429 | D        | Reached skill level 1 in Throwing
   429 | D        | Noticed a catoblepas
   430 | D        | Killed a cane toad
   431 | D        | Reached XP level 10. HP: 122/122 MP: 9/9
   434 | D        | Killed a death yak
   442 | D        | Killed a catoblepas
   442 | D        | Reached ****** piety under Trog
   443 | D        | Reached skill level 17 in Unarmed Combat
   444 | D        | Killed a cane toad
   445 | D        | Reached skill level 5 in Dodging
   456 | D        | Identified the +6 giant club of the Land of Plenty {heavy,
                  | +Blink rPois rC+ Int-4} (Trog gifted it to you in the
                  | Dungeon)
   456 | D        | Received a gift from Trog
   457 | D        | Reached skill level 5 in Throwing
   501 | D        | Noticed an eight-headed hydra
   504 | D        | Noticed a death yak
   511 | D        | Killed a 13-headed hydra
   520 | D        | Killed a death yak
   521 | D        | Reached skill level 15 in Fighting
   526 | D        | Reached XP level 11. HP: 58/132 MP: 10/10
   533 | D        | Received a gift from Trog
   581 | D        | Noticed a death yak
   581 | D        | Noticed a catoblepas
   581 | D        | Noticed a death yak
   581 | D        | Noticed a death yak
   581 | D        | Noticed a death yak
   588 | D        | Killed a death yak
   596 | D        | Killed a death yak
   597 | D        | Reached skill level 18 in Unarmed Combat
   599 | D        | Killed a death yak
   618 | D        | HP: 6/133 [catoblepas (9)]
   622 | D        | Killed from afar by a catoblepas

Illustrated notes

Levels and vault maps discovered:
D:        linesprint [early_d, line_temple, items_1, d_10, items_2, lair_1,
          lair_end, items_3, orc_1, orc_end, items_4, d_15, swamp_1, shoals_1,
          snake_1, spider_1, d_20, vaults_1, items_5, swamp_end, shoals_end,
          snake_end, spider_end, vaults_end, d_27, items_6, zot_1, zot_end,
          crypt_end, forest_end, elf_end, slime_end, tomb_end, abyss_end,
          pan_hell_end]

Skill      XL: |  1  2  3  4  5  6  7  8  9 10 11 |
---------------+----------------------------------+-----
Fighting       | 5 6 7 9 11 12 14 15 | 15.4
Unarmed Combat | 6 8 9 11 13 14 16 17 18 | 18.1
Throwing       | 2 6 7 |  7.7
Dodging        | 3 6 7 |  7.6

Action                     |  1- 3 |  4- 6 |  7- 9 | 10-12 || total
---------------------------+-------+-------+-------+-------++-------
  Melee: Unarmed           |    12 |    17 |    36 |    66 ||   131
         Punch             |       |       |     3 |     6 ||     9
 Invoke: Berserk           |     2 |     1 |     2 |     2 ||     7
         Trog's Hand       |     1 |     1 |     2 |     2 ||     6
         Brothers in Arms  |       |       |     1 |       ||     1
    Use: Scroll            |       |       |       |     1 ||     1
         Potion            |       |       |       |     1 ||     1
 Armour: Animal skin       |     3 |     1 |       |    14 ||    18
  Dodge: Dodged            |     4 |     8 |    11 |    36 ||    59

Table legend: (Time is in decaauts)
 A = Elapsed time spent in this place.
 B = Non-inter-level travel time spent in this place.
 C = Inter-level travel time spent in this place.
 D = Time resting spent in this place.
 E = Time spent auto-exploring this place.
 F = Levels seen in this place.
 G = Mean time per level.
                   A        B        C        D        E       F      G
               +--------+--------+--------+--------+--------+-----+--------+
         Total |    635 |    635 |      0 |    276 |      0 |   1 |  635.0 |
       Dungeon |    635 |    635 |      0 |    276 |      0 |   1 |  635.0 |
               +--------+--------+--------+--------+--------+-----+--------+

Top non-repeatable levels by time:
       D: 635 daAuts
